 Dungeon Crawl Stone Soup version 0.31-a0-216-g22e908daa7 (webtiles) character file.

Game seed: 11350033524590880501

911 qw the Skirmisher (level 7, 0/61 HPs)
             Began as a Minotaur Hexslinger on July 2, 2023.
             Was an Initiate of Okawaru.
             Slain by Grinder (1 damage)
             ... on level 6 of the Dungeon.
             The game lasted 00:01:35 (3973 turns).

qw the Skirmisher (Minotaur Hexslinger)             Turns: 3973, Time: 00:01:36

Health: 0/61       AC:  5    Str: 10 (13) XL:     7   Next: 82%
Magic:  7/7        EV: 17    Int:  8 (10) God:    Okawaru [......]
Gold:   226        SH:  0    Dex: 13 (14) Spells: 7/8 levels left

rFire   + . .        Y - +0 orcbow
rCold   . . .        (shield currently unavailable)
rNeg    . . .        b - +2 robe {Will+}
rPois   .            j - +1 hat
rElec   .            (no cloak)
rCorr   .            (no gloves)
SInv    .            (no boots)
Will    +....        (no amulet)
Stlth   +            g - ring of protection from fire
HPRegen 0.30/turn    i - +5 ring of evasion
MPRegen 0.10/turn

%: no passive effects
@: no status effects
A: horns 2, retaliatory headbutt
a: Renounce Religion


You were on level 6 of the Dungeon.
You worshipped Okawaru.
Okawaru was noncommittal.
You visited 2 branches of the dungeon, and saw 7 of its levels.

You collected 318 gold pieces.
You spent 92 gold pieces at shops.


Innate Abilities, Weirdness & Mutations

You have a pair of horns on your head.
You reflexively headbutt those who attack you in melee.


   Skills:
 - Level 5.6 Fighting
 + Level 8.5 Ranged Weapons
 - Level 1.1 Armour
 - Level 2.1 Dodging
 - Level 1.0 Spellcasting
 - Level 2.0 Hexes


You had 7 spell levels left.
You knew the following spells:

 Your Spells              Type           Power      Damage    Failure   Level
a - Slow                  Hex            12%        N/A       17%         1

Your spell library contained the following spells:

 Spells                   Type           Power      Damage    Failure   Level
 Inner Flame              Hex/Fire       2%         N/A       61%         3
 Portal Projectile        Hex/Tloc       4%         N/A       61%         3
 Cause Fear               Hex            1%         N/A       86%         4

Inventory:

Hand Weapons
 Y - a +0 orcbow (weapon)
Armour
 b - a +2 robe of willpower (worn)
 j - a +1 hat (worn)
Jewellery
 g - a ring of protection from fire (left hand)
 i - a +5 ring of evasion (right hand)
Scrolls
 c - a scroll of identify
 d - a scroll of silence {unknown}
 e - a scroll of teleportation
Potions
 a - 2 potions of mutation
 l - a potion of enlightenment {unknown}

Dungeon Overview and Level Annotations

Branches:
Dungeon (6/15)             Temple (1/1) D:5

Altars:
Ashenzari
Dithmenos
Fedhas
Hepliaklqana
Makhleb
Nemelex Xobeh
Okawaru
Qazlal
Ru
Trog
Uskayaw
Vehumet
Wu Jian
Xom
Zin

Shops:
D:5 [:[

Annotations:
D:6 Grinder


Message History

You furiously retaliate!
You headbutt Grinder. Something completely misses you.
The orc hits you from afar with a +0 trident.
Something hits you but does no damage. The orc closely misses you.
Something barely misses you. Grinder hits you.
You shoot an arrow. The arrow closely misses Grinder.
You hear some strange, mumbled words.
You are confused.
Something hits you but does no damage. The orc closely misses you.
Grinder says, "Mostly I couldn't keep them alive."
Grinder hits you.
You writhe in agony.
3967 ||| DRINKING potion of curing.
You feel better.
3967 ||| (to cure confusion)
Something barely misses you. x2; The orc misses you.
Grinder blinks!
You shoot an arrow. The arrow hits the orc!
You kill the orc!
Okawaru accepts your kill. Something hits you but does no damage.
You hear some strange, mumbled words.
A puff of flame appears from out of thin air!
The puff of flame hits you. You resist.
You shoot an arrow. The arrow closely misses Grinder.
Something hits you. x2
You shoot an arrow. The arrow barely misses Grinder.
Something barely misses you. x2
Grinder gestures at you. You resist with some effort.
You shoot an arrow. The arrow barely misses Grinder.
Something hits you but does no damage. Something closely misses you.
Grinder hits you but does no damage.
You shoot an arrow. The arrow closely misses Grinder.
Something completely misses you. Something hits you but does no damage.
Grinder hits you.
You writhe in agony.
You shoot an arrow.
The arrow hits Grinder but does no damage.
Grinder is almost dead.
Something hits you but does no damage.
You hear some strange, mumbled words.
A magic dart appears from out of thin air!
The magic dart hits you! Grinder hits you!
You writhe in agony.
You die... ..#.#.#..#.# #.#.#.#..#.# #.#.#.#..#.# o #.#.#.#.##.# .ยค #.#.#.#....# .oo

#.#'#.#..###
.... #.....#..#
..... #5{...#..#
...{..#{@...#..#
......))....#..#
..######....#...
#....##..
#....##.. #....#
#...... #...####
...#


You could see Grinder (resistant).

Vanquished Creatures
  An ogre (D:5)
  2 orc warriors
  3 scorpions
  An orc priest (D:4)
  3 hounds
  3 jellies
  4 orc wizards
  An iguana (D:4)
  A gnoll (D:3)
  A shadow imp (D:6)
  2 ufetubi
  2 dart slugs
  16 orcs
  5 ball pythons
  6 bats
  8 endoplasms
  2 giant cockroaches
  9 goblins
  3 hobgoblins
  7 quokkas
  3 frilled lizards
  9 kobolds
  9 rats
101 creatures vanquished.

Notes
Turn   | Place    | Note
-------+----------+-------------------------------------------
     0 | D:1      | qw the Minotaur Hexslinger began the quest for the Orb.
     0 | D:1      | Reached XP level 1. HP: 16/16 MP: 1/1
     0 | D:1      | 0 ||| qw: Version: 0.3-a-40-ge99b1a8
     0 | D:1      | 0 ||| qw: Game counter: 7916
     0 | D:1      | 0 ||| qw: Melee chars always use a shield: true
     0 | D:1      | 0 ||| qw: God list: Okawaru
     0 | D:1      | 0 ||| qw: Allow faded altars: false
     0 | D:1      | 0 ||| qw: Do Orc after clearing Dungeon:15 true
     0 | D:1      | 0 ||| qw: Do second Lair branch before Depths: true
     0 | D:1      | 0 ||| qw: Lair rune preference: random
     0 | D:1      | 0 ||| qw: Goals: Normal
     0 | D:1      | 0 ||| PLANNING D:1-11
   114 | D:1      | Reached skill level 3 in Ranged Weapons
   117 | D:1      | Reached XP level 2. HP: 23/23 MP: 2/2
   431 | D:1      | Reached XP level 3. HP: 29/29 MP: 3/3
   583 | D:1      | 583 ||| UPGRADING to +0 leather armour.
   593 | D:1      | 593 ||| DROPPING +0 robe.
   594 | D:1      | 594 ||| UPGRADING to +0 ring mail.
   604 | D:1      | 604 ||| DROPPING +0 leather armour.
   605 | D:1      | 605 ||| UPGRADING to ring of protection from fire.
   606 | D:1      | 606 ||| READING scroll labelled BYQEUS YLODEFA.
   607 | D:1      | 607 ||| READING scroll labelled ZOGEAM RUNULI.
   608 | D:1      | 608 ||| READING scroll labelled XIGARU TILA.
   662 | D:1      | 662 ||| READING scroll labelled HUR BOF TUEFUKH.
   665 | D:1      | 665 ||| DROPPING scroll of poison.
   981 | D:2      | Reached skill level 4 in Ranged Weapons
  1213 | D:2      | 1213 ||| READING 3 scrolls labelled ORPHEU SIOXTE.
  1214 | D:2      | 1214 ||| DRINKING 3 green potions.
  1215 | D:2      | 1215 ||| READING 2 scrolls of identify.
  1215 | D:2      | 1215 ||| IDENTIFYING emerald potion
  1272 | D:3      | Reached skill level 1 in Armour
  1338 | D:3      | 1338 ||| SWAPPING to +0 orcbow.
  1342 | D:3      | 1342 ||| DROPPING +1 sling.
  1474 | D:3      | Reached XP level 4. HP: 36/36 MP: 4/4
  1478 | D:3      | Reached skill level 5 in Ranged Weapons
  1592 | D:3      | Found a faded altar of an unknown god.
  1694 | D:3      | Reached XP level 5. HP: 42/42 MP: 5/5
  2034 | D:3      | Found a hazy altar of Hepliaklqana.
  2040 | D:3      | 2040 ||| UPGRADING to +1 hat.
  2045 | D:3      | 2045 ||| DROPPING +6 ring of intelligence.
  2046 | D:3      | 2046 ||| UPGRADING to +5 ring of evasion.
  2047 | D:3      | 2047 ||| READING 2 scrolls of identify.
  2047 | D:3      | 2047 ||| IDENTIFYING puce potion
  2048 | D:3      | 2048 ||| DROPPING potion of berserk rage.
  2154 | D:4      | Reached skill level 3 in Fighting
  2316 | D:4      | Reached XP level 6. HP: 23/52 MP: 6/6
  2319 | D:4      | Reached skill level 6 in Ranged Weapons
  2501 | D:4      | Identified the +5 rapier "Umig" {flame, Int+5}
  2576 | D:4      | Found a stormy altar of Qazlal.
  2649 | D:4      | Noticed an orc warrior
  2659 | D:4      | Killed an orc warrior
  2660 | D:4      | Reached skill level 7 in Ranged Weapons
  2662 | D:4      | 2662 ||| FLEEEEING.
  2663 | D:4      | 2663 ||| FLEEEEING.
  2664 | D:4      | 2664 ||| FLEEEEING.
  2665 | D:4      | 2665 ||| FLEEEEING.
  2666 | D:4      | 2666 ||| FLEEEEING.
  2667 | D:4      | 2667 ||| FLEEEEING.
  2668 | D:4      | 2668 ||| FLEEEEING.
  2669 | D:4      | 2669 ||| FLEEEEING.
  2670 | D:4      | 2670 ||| FLEEEEING.
  2671 | D:4      | 2671 ||| FLEEEEING.
  2672 | D:4      | 2672 ||| FLEEEEING.
  2673 | D:4      | 2673 ||| FLEEEEING.
  2674 | D:4      | 2674 ||| FLEEEEING.
  2675 | D:4      | 2675 ||| FLEEEEING.
  2676 | D:4      | 2676 ||| FLEEEEING.
  2677 | D:4      | 2677 ||| STAIRDANCE
  2758 | D:4      | Found a blossoming altar of Fedhas.
  2858 | D:4      | Found a bloodstained altar of Trog.
  2930 | D:4      | 2930 ||| DRINKING 2 fuming black potions.
  2931 | D:4      | 2931 ||| READING 2 scrolls of identify.
  2931 | D:4      | 2931 ||| IDENTIFYING clear potion
  2932 | D:4      | 2932 ||| DROPPING potion of degeneration.
  2933 | D:4      | 2933 ||| DROPPING potion of invisibility.
  2948 | D:5      | Entered Level 5 of the Dungeon
  2970 | D:5      | Found Mufeq's Antique Armour Shop.
  2973 | D:5      | Found a staircase to the Ecumenical Temple.
  2974 | D:5      | 2974 ||| PLANNING TEMPLE
  2979 | Temple   | Entered the Ecumenical Temple
  2989 | Temple   | 2989 ||| PLANNING OKAWARU WORSHIP
  3022 | Temple   | Became a worshipper of Warmaster Okawaru
  3023 | Temple   | 3023 ||| PLANNING D:1-11
  3045 | D:5      | 3045 ||| BUYING embroidered robe (92 gold).
  3045 | D:5      | Bought an embroidered robe for 92 gold pieces
  3045 | D:5      | 3045 ||| SHOPLISTING pair of boots (112 gold, have 102).
  3112 | D:5      | Found Xeez's Book Shop.
  3143 | D:5      | Found a sparkling altar of Nemelex Xobeh.
  3146 | D:5      | Found a sacrificial altar of Ru.
  3158 | D:5      | Reached XP level 7. HP: 37/59 MP: 7/7
  3240 | D:5      | Found a broken altar of Ashenzari.
  3351 | D:5      | Found Modicill's Antique Armour Shop.
  3549 | D:5      | 3549 ||| Stepping ~*~*~tactically~*~*~ (outnumbered).
  3558 | D:5      | 3558 ||| DRINKING 4 potions of curing.
  3558 | D:5      | 3558 ||| (to cure confusion)
  3559 | D:5      | 3559 ||| DRINKING 3 potions of curing.
  3559 | D:5      | 3559 ||| (to cure confusion)
  3562 | D:5      | 3562 ||| DRINKING 2 potions of curing.
  3562 | D:5      | 3562 ||| (to cure confusion)
  3564 | D:5      | Reached skill level 8 in Ranged Weapons
  3603 | D:5      | Noticed a walking divine tome
  3604 | D:5      | Found Taotis's Book Boutique.
  3604 | D:5      | Noticed a walking divine tome
  3704 | D:5      | 3704 ||| UPGRADING to +2 robe of willpower.
  3714 | D:5      | 3714 ||| DROPPING +0 ring mail.
  3715 | D:5      | 3715 ||| READING scroll labelled SULEAST LEILAN.
  3790 | D:6      | Reached * piety under Okawaru
  3914 | D:6      | 3914 ||| INVOKING Heroism.
  3942 | D:6      | Noticed Grinder
  3943 | D:6      | 3943 ||| INVOKING Heroism.
  3945 | D:6      | 3945 ||| Stepping ~*~*~tactically~*~*~ (outnumbered).
  3960 | D:6      | Paralysed by Grinder for 3 turns
  3967 | D:6      | 3967 ||| DRINKING potion of curing.
  3967 | D:6      | 3967 ||| (to cure confusion)
  3973 | D:6      | HP: 10/61 [something/magic dart (7)]
  3973 | D:6      | HP: 1/61 [Grinder (9)]
  3973 | D:6      | Slain by Grinder

Levels and vault maps discovered:
D:1:      dpeg_arrival_pits, layout_basic, hangedman_decor_points
D:2:      minmay_angry_zag, layout_basic
D:3:      layout_loops_ring, lemuel_round_altar,
          dreamdust_ecumenical_altar_grove, cheibrodos_gnoll_hut
D:4:      layout_loops_ring, nicolae_qazlal_eye_of_the_storm,
          lightli_temple_of_fire, mainiacjoe_overflow_six_doors_small,
          grunt_decor_mini_mirrors, minmay_misc_feat_chi
D:5:      layout_gridville, minitemple, minmay_temple_entry_butterflies,
          serial_shops, nicolae_shop_mannequins, shop, shop,
          nicolae_shop_real_fake_doors, st_stairs_4, kennysheep_pointless_box
D:6:      layout_basic, overflow_temple_1_default, grunt_gozag_statues,
          uniq_maggie, uniq_grinder
Temple:   nicolae_temple_ecumenical_triangle

Skill      XL: |  1  2  3  4  5  6  7 |
---------------+----------------------+-----
Ranged Weapons | 3 4 5 7 8 |  8.5
Fighting       | 2 3 4 5 |  5.6
Armour         | 1 |  1.1
Dodging        | |  2.1
Spellcasting   | |  1.0
Hexes          | |  2.0

Action                     |  1- 3 |  4- 6 |  7- 9 || total
---------------------------+-------+-------+-------++-------
   Fire: Sling             |   122 |       |       ||   122
         Orcbow            |    13 |    95 |    98 ||   206
 Invoke: Heroism           |       |       |     2 ||     2
    Use: Scroll            |     6 |     2 |     1 ||     9
         Potion            |     1 |     1 |     4 ||     6
 Armour: Robe              |     3 |       |    19 ||    22
         Ring mail         |    12 |    14 |    11 ||    37
  Dodge: Dodged            |    27 |    70 |    81 ||   178

Table legend:
 A = Non-vault XP
 B = Vault XP
 C = Vault XP percentage of total XP
 D = Non-vault monster count
 E = Vault monster count
 F = Vault count percentage of total count
                 A         B        C        D         E       F
            +---------+---------+-------+---------+---------+-------
      Total |    1141 |     161 |  12.4 |      90 |      11 |  10.9
            +---------+---------+-------+---------+---------+-------
        D:1 |      42 |       0 |   0.0 |      26 |       0 |   0.0
        D:2 |      22 |      10 |  31.2 |      13 |       6 |  31.6
        D:3 |      30 |     100 |  76.9 |      12 |       3 |  20.0
        D:4 |     443 |       0 |   0.0 |      20 |       0 |   0.0
        D:5 |     259 |      51 |  16.5 |      10 |       2 |  16.7
        D:6 |     345 |       0 |   0.0 |       9 |       0 |   0.0
            +---------+---------+-------+---------+---------+-------
